AoeStats
← CHAO NGAY MOI

Glade

510295758Analyzed
1v1 RM · 19h ago on Sep 30, 2026· 39m 14s· 2 players
Game mode
Random Map
Map size
Tiny (2 player)
Population
200
Speed
Normal
Resources
Standard
Victory
Conquest
Starting age
Dark Age
Ending age
Imperial Age
RankedLock teamsTeams togetherTeam positionsShared explorationLock speedFull tech treeHidden civsTurbo modeCheats
Victory
Defeat
🇯🇵 Ethiopians · Japan
897
+15
🇨🇳 Franks · China
865
-15
CHAO NGAY MOI
9:18 Loom
11:04 Feudal Age
16:14 Castle Age
14:09 Stone Mining
14:06 Double-Bit Axe
18:12 Bow Saw
18:46 Horse Collar
21:44 Heavy Plow
24:05 Scale Mail Armor
24:26 Squires
25:27 Forging
28:32 Chain Mail Armor
33:11 Imperial Age
31:22 Wheelbarrow
30:48 Town Watch
31:58 Fletching
33:35 Hand Cart
34:56 Two-Man Saw
34:23 Conscription
33:40 Elite Shotel Warrior
34:36 Gold Mining
35:23 Stone Shaft Mining
35:41 Iron Casting
35:42 Plate Mail Armor
36:45 Arson
38:04 Blast Furnace
39:31 Royal Heirs
格林帽子变戏法
9:21 Feudal Age
17:41 Castle Age
16:12 Gold Mining
16:12 Double-Bit Axe
17:31 Gold Mining
20:35 Loom
22:33 Ordonnance Companies
25:15 Fletching
25:59 Stone Mining
27:54 Wheelbarrow
27:31 Padded Archer Armor
28:14 Ballistics
30:35 Loom
32:28 Leather Archer Armor
32:08 Bodkin Arrow
36:22 Imperial Age
34:48 Hand Cart
35:11 Hand Cart
36:26 Gold Shaft Mining
35:42 Stone Mining
36:28 Cranequins
Connection lost

Rejoining the realm…

Still unreachable

The connection could not be restored.

Session expired

The server has moved on; the page needs a fresh start.